MID
AUGUSTA GREENJACKETS @ WEST VIRGINIA POWER
04/15/2048
 
TOP OF THE 1ST
Augusta GreenJackets batting - Pitching for West Virginia Power : RHP Eric Bourque
Pitching: RHP Eric Bourque
Batting: RHB Armando Ramirez 0-0: Called Strike
0-1: Ball
1-1: Ground out 6-3 (Groundball, 6, EV 106.9 MPH)
Batting: RHB Ryan Roberts 0-0: SINGLE (Flyball, 6D, EV 92.5 MPH)
Batting: RHB Tony Harper 0-0: Called Strike
0-1: Called Strike
0-2: Ball
1-2: Strikes out swinging
Batting: LHB Oscar Tamayo 0-0: Ball
1-0: Called Strike
1-1: Ground out 4-3 (Groundball, 34, EV 77.5 MPH)
Top of the 1st over - 0 runs, 1 hit, 0 errors, 1 left on base; Augusta 0 - West Virginia 0
BOTTOM OF THE 1ST
West Virginia Power batting - Pitching for Augusta GreenJackets : RHP Mike Zambrano Jr.
Pitching: RHP Mike Zambrano Jr.
Batting: RHB Terrence Wilson 0-0: Ball
1-0: Ball
2-0: Ground out U3 (Groundball, 3L, EV 84.4 MPH)
Batting: RHB Dave Fredericks 0-0: Ball
1-0: Ball
2-0: Ball
3-0: Called Strike
3-1: Called Strike
3-2: Base on Balls
Batting: RHB Jose Almonte 0-0: Grounds into double play, 4-6-3 (Groundball, 4, EV 85.6 MPH)
Bottom of the 1st over - 0 runs, 0 hits, 0 errors, 0 left on base; Augusta 0 - West Virginia 0
TOP OF THE 2ND
Augusta GreenJackets batting - Pitching for West Virginia Power : RHP Eric Bourque
Batting: RHB Jaime Rios 0-0: Ball
1-0: Ground out 4-3 (Groundball, 4S, EV 68.1 MPH)
Batting: RHB David Bibian 0-0: Swinging Strike
0-1: Ball
1-1: Called Strike
1-2: Ball
2-2: Strikes out swinging
Batting: RHB Tsugio Yamaguchi 0-0: Called Strike
0-1: Foul Ball, location: 2F
0-2: DOUBLE (Flyball, 8RD, EV 108.1 MPH)
Batting: RHB Noe Oliva 0-0: SINGLE (Line Drive, 4MD, EV 100.6 MPH)
Tsugio Yamaguchi to third
Runner from 3rd tries for Home, SAFE, throw by CF to home
Batting: RHB Joe Nelson 0-0: Ball
Wild Pitch!
Noe Oliva to second
1-0: Swinging Strike
1-1: Ground out 6-3 (Groundball, 6, EV 81.2 MPH)
Top of the 2nd over - 1 run, 2 hits, 0 errors, 1 left on base; Augusta 1 - West Virginia 0
BOTTOM OF THE 2ND
West Virginia Power batting - Pitching for Augusta GreenJackets : RHP Mike Zambrano Jr.
Batting: RHB Alain Marquet 0-0: Ball
1-0: Called Strike
1-1: Foul Ball, location: 2F
1-2: Strikes out swinging
Batting: RHB Jaime Dubicki 0-0: Called Strike
0-1: DOUBLE (Flyball, 8RXD, EV 101.9 MPH)
Batting: RHB Chris Beckham 0-0: SINGLE (Groundball, 6MD, EV 97.5 MPH)
Jaime Dubicki to third
Batting: RHB Killian Jones 0-0: SINGLE (Line Drive, 6D, EV 98.8 MPH)
Jaime Dubicki scores
Chris Beckham to second
Batting: RHB John DeVillier 0-0: Ball
1-0: SINGLE (Flyball, 7S, EV 88.1 MPH)
Chris Beckham to third
Killian Jones to second
Batting: RHB Seung-mun Kim 0-0: Called Strike
0-1: SINGLE (Groundball, 6D, EV 97.5 MPH)
Chris Beckham scores
Killian Jones to third
John DeVillier to second
Batting: RHB Terrence Wilson 0-0: Ball
1-0: Ball
2-0: Ball
3-0: Called Strike
3-1: Foul Ball, location: 2F
3-2: Foul Ball, location: 2F
3-2: Base on Balls
Killian Jones scores
John DeVillier to third
Seung-mun Kim to second
Batting: RHB Dave Fredericks 0-0: Ball
1-0: Ball
2-0: Called Strike
2-1: Ball
Passed Ball!
John DeVillier scores
Seung-mun Kim to third
Terrence Wilson to second
3-1: Called Strike
3-2: Ground out 6-3 (Groundball, 6, EV 90.0 MPH)
Seung-mun Kim scores
Terrence Wilson to third
Batting: RHB Jose Almonte 0-0: Ball
1-0: Ball
2-0: Swinging Strike
2-1: Foul Ball, location: 2F
2-2: Ball
3-2: Base on Balls
Pitching: LHP Ricky Coats
Batting: RHB Alain Marquet 0-0: Ball
1-0: Ball
2-0: Ball
3-0: Called Strike
3-1: Called Strike
3-2: Base on Balls
Jose Almonte to second
Batting: RHB Jaime Dubicki 0-0: Ball
1-0: Called Strike
1-1: Ball
2-1: Foul Ball, location: 2F
2-2: Strikes out swinging
Bottom of the 2nd over - 5 runs, 5 hits, 0 errors, 3 left on base; Augusta 1 - West Virginia 5
TOP OF THE 3RD
Augusta GreenJackets batting - Pitching for West Virginia Power : RHP Eric Bourque
Batting: RHB Armando Ramirez 0-0: Ball
1-0: Fly out, F4 (Line Drive, 4, EV 63.8 MPH)
Batting: RHB Ryan Roberts 0-0: Ball
1-0: Foul Ball, location: 2F
1-1: Ball
2-1: Fly out, F9 (Flyball, 9LS, EV 81.2 MPH)
Batting: RHB Tony Harper 0-0: Called Strike
0-1: Foul Ball, location: 2F
0-2: Ball
1-2: Ground out 1-3 (Groundball, 13S, EV 67.5 MPH)
Top of the 3rd over - 0 runs, 0 hits, 0 errors, 0 left on base; Augusta 1 - West Virginia 5
BOTTOM OF THE 3RD
West Virginia Power batting - Pitching for Augusta GreenJackets : LHP Ricky Coats
Batting: RHB Chris Beckham 0-0: Ball
1-0: Ground out 3-1 (Groundball, 34, EV 85.0 MPH)
Batting: RHB Killian Jones 0-0: Ball
1-0: Foul Ball, location: 2F
1-1: Ball
2-1: Foul Ball, location: 2F
2-2: Ball
3-2: Ground out 6-3 (Groundball, 56D, EV 78.8 MPH)
Batting: RHB John DeVillier 0-0: Ball
1-0: Ball
2-0: Ball
3-0: Called Strike
3-1: Ground out 5-3 (Groundball, 56S, EV 90.0 MPH)
Bottom of the 3rd over - 0 runs, 0 hits, 0 errors, 0 left on base; Augusta 1 - West Virginia 5
TOP OF THE 4TH
Augusta GreenJackets batting - Pitching for West Virginia Power : RHP Eric Bourque
Batting: LHB Oscar Tamayo 0-0: Called Strike
0-1: Ball
1-1: Ball
2-1: Foul Ball, location: 2F
2-2: Ball
3-2: Base on Balls
Batting: RHB Jaime Rios 0-0: Ball
1-0: Ball
2-0: Called Strike
2-1: Ball
3-1: Hit by Pitch
Oscar Tamayo to second
Batting: RHB David Bibian 0-0: Foul Ball, location: 2F
0-1: Ball
1-1: Swinging Strike
1-2: Hit by Pitch
Oscar Tamayo to third
Jaime Rios to second
Batting: RHB Tsugio Yamaguchi 0-0: Ball
1-0: Ball
2-0: Called Strike
2-1: Fly out, F8 (Flyball, 8RXD, EV 103.1 MPH)
Runner from 3rd tags up, SCORES, no throw by CF
Jaime Rios to third
Batting: RHB Noe Oliva 0-0: Called Strike
0-1: Fly out, F6 (Popup, 6, EV 73.1 MPH)
Batting: RHB Joe Nelson 0-0: Ball
1-0: Foul Ball, location: 2F
1-1: Foul Ball, location: 2F
1-2: Strikes out looking
Top of the 4th over - 1 run, 0 hits, 0 errors, 2 left on base; Augusta 2 - West Virginia 5
BOTTOM OF THE 4TH
West Virginia Power batting - Pitching for Augusta GreenJackets : LHP Ricky Coats
Batting: RHB Seung-mun Kim 0-0: Foul Ball, location: 2F
0-1: Called Strike
0-2: Ball
1-2: Strikes out swinging
Batting: RHB Terrence Wilson 0-0: Ball
1-0: Swinging Strike
1-1: Foul Ball, location: 2F
1-2: Ground out 4-3 (Groundball, 4M, EV 105.6 MPH)
Batting: RHB Dave Fredericks 0-0: Ball
1-0: Called Strike
1-1: Swinging Strike
1-2: Ball
2-2: Fly out, F5 (Flyball, 5D, EV 96.9 MPH)
Bottom of the 4th over - 0 runs, 0 hits, 0 errors, 0 left on base; Augusta 2 - West Virginia 5
TOP OF THE 5TH
Augusta GreenJackets batting - Pitching for West Virginia Power : RHP Eric Bourque
Batting: RHB Armando Ramirez 0-0: Foul Ball, location: 2F
0-1: Ball
1-1: Foul Ball, location: 2F
1-2: Ball
2-2: Ball
3-2: Foul Ball, location: 2F
3-2: Fly out, F7 (Flyball, 78M, EV 90.0 MPH)
Batting: RHB Ryan Roberts 0-0: Swinging Strike
0-1: Ball
1-1: Ball
2-1: Foul Ball, location: 2F
2-2: Hit by Pitch
Batting: RHB Tony Harper 0-0: Ball
1-0: Grounds into double play, 5-4-3 (Groundball, 56, EV 83.1 MPH)
Top of the 5th over - 0 runs, 0 hits, 0 errors, 0 left on base; Augusta 2 - West Virginia 5
BOTTOM OF THE 5TH
West Virginia Power batting - Pitching for Augusta GreenJackets : LHP Ricky Coats
Batting: RHB Jose Almonte 0-0: Ball
1-0: Foul Ball, location: 2F
1-1: Swinging Strike
1-2: Strikes out swinging
Batting: RHB Alain Marquet 0-0: Foul Ball, location: 2F
0-1: Ball
1-1: Swinging Strike
1-2: Ground out 5-3 (Groundball, 5S, EV 90.0 MPH)
Batting: RHB Jaime Dubicki 0-0: Fly out, F6 (Popup, 6M, EV 55.0 MPH)
Bottom of the 5th over - 0 runs, 0 hits, 0 errors, 0 left on base; Augusta 2 - West Virginia 5
TOP OF THE 6TH
Augusta GreenJackets batting - Pitching for West Virginia Power : RHP Eric Bourque
Batting: LHB Oscar Tamayo 0-0: Ball
1-0: DOUBLE (Flyball, 78D, EV 96.2 MPH)
Batting: RHB Jaime Rios 0-0: Ball
1-0: Ball
2-0: Called Strike
2-1: Fly out, F8 (Flyball, 8LM, EV 75.6 MPH)
Batting: RHB David Bibian 0-0: Swinging Strike
0-1: Called Strike
0-2: Ball
1-2: Ball
2-2: Strikes out looking
Batting: RHB Tsugio Yamaguchi 0-0: Ball
1-0: Called Strike
1-1: Foul Ball, location: 2F
1-2: Strikes out looking
Top of the 6th over - 0 runs, 1 hit, 0 errors, 1 left on base; Augusta 2 - West Virginia 5
BOTTOM OF THE 6TH
West Virginia Power batting - Pitching for Augusta GreenJackets : LHP Ricky Coats
Batting: RHB Chris Beckham 0-0: SINGLE (Groundball, 4MD, EV 107.5 MPH)
Pitching: RHP Hiroaki Yazawa
Batting: RHB Killian Jones 0-0: Ball
1-0: Grounds into double play, 6-4-3 (Groundball, 6, EV 103.8 MPH)
Batting: RHB John DeVillier 0-0: Ball
1-0: Called Strike
1-1: Ground out 6-3 (Groundball, 6, EV 79.4 MPH)
Bottom of the 6th over - 0 runs, 1 hit, 0 errors, 0 left on base; Augusta 2 - West Virginia 5
TOP OF THE 7TH
Augusta GreenJackets batting - Pitching for West Virginia Power : RHP Eric Bourque
Batting: RHB Noe Oliva 0-0: Called Strike
0-1: Ball
1-1: Swinging Strike
1-2: Strikes out swinging
Pitching: RHP Adam Monge
Batting: RHB Joe Nelson 0-0: Ball
1-0: Ball
2-0: Ball
3-0: Called Strike
3-1: Ground out 4-3 (Groundball, 4, EV 78.1 MPH)
Batting: RHB Armando Ramirez 0-0: Called Strike
0-1: Swinging Strike
0-2: Foul Ball, location: 2F
0-2: Ball
1-2: Foul Ball, location: 2F
1-2: Strikes out swinging
Top of the 7th over - 0 runs, 0 hits, 0 errors, 0 left on base; Augusta 2 - West Virginia 5
BOTTOM OF THE 7TH
West Virginia Power batting - Pitching for Augusta GreenJackets : RHP Hiroaki Yazawa
Batting: RHB Seung-mun Kim 0-0: Ball
1-0: Ball
2-0: Foul Ball, location: 2F
2-1: Foul Ball, location: 2F
2-2: Strikes out swinging
Batting: RHB Terrence Wilson 0-0: Ball
1-0: Ball
2-0: Called Strike
2-1: Called Strike
2-2: Strikes out swinging
Batting: RHB Dave Fredericks 0-0: Ball
1-0: Foul Ball, location: 2F
1-1: Foul Ball, location: 2F
1-2: SINGLE (Groundball, 6D, EV 95.0 MPH)
Batting: RHB Jose Almonte 0-0: Ball
1-0: Ball
Dave Fredericks steals 2nd, throwing error, E2
Dave Fredericks to third
2-0: Foul Ball, location: 2F
2-1: Swinging Strike
2-2: Ball
3-2: Strikes out swinging
Bottom of the 7th over - 0 runs, 1 hit, 1 error, 1 left on base; Augusta 2 - West Virginia 5
TOP OF THE 8TH
Augusta GreenJackets batting - Pitching for West Virginia Power : RHP Adam Monge
Now at 1B: Tim Moore
Now in LF: Perry Dominey
Batting: RHB Ryan Roberts 0-0: Ball
1-0: Ball
2-0: Ball
3-0: Base on Balls
Batting: RHB Tony Harper 0-0: Ball
1-0: SINGLE (Groundball, 56D, EV 105.6 MPH)
Ryan Roberts to second
Batting: LHB Oscar Tamayo 0-0: Fielders Choice at 2nd, 5-4 (Groundball, 5S, EV 86.9 MPH)
Ryan Roberts to third
Batting: RHB Jaime Rios 0-0: DOUBLE (Flyball, 7LM, EV 108.1 MPH)
Ryan Roberts scores
Oscar Tamayo to third
Pinch Hitting: LHB Alex Larangho 0-0: Called Strike
0-1: Called Strike
0-2: Ball
1-2: Strikes out swinging
Batting: RHB Tsugio Yamaguchi 0-0: Called Strike
0-1: Foul Ball, location: 2F
0-2: Fly out, F8 (Flyball, 8LD, EV 93.8 MPH)
Top of the 8th over - 1 run, 2 hits, 0 errors, 2 left on base; Augusta 3 - West Virginia 5
BOTTOM OF THE 8TH
West Virginia Power batting - Pitching for Augusta GreenJackets : RHP Hiroaki Yazawa
Pitching: RHP Mike Flynn
Now in LF: Harry Dickson
Batting: RHB Alain Marquet 0-0: Ball
1-0: Foul Ball, location: 2F
1-1: Ball
2-1: Ball
3-1: Called Strike
3-2: DOUBLE (Line Drive, 9LD, EV 110.0 MPH)
Batting: RHB Jaime Dubicki 0-0: Intentional Walk
Batting: RHB Chris Beckham 0-0: Bunt missed!
0-1: Sac Bunt to 13S - play at first, batter OUT! 1-4
Alain Marquet to third
Jaime Dubicki to second
Batting: RHB Killian Jones 0-0: Called Strike
0-1: Called Strike
0-2: Strikes out swinging
Batting: RHB John DeVillier 0-0: Ball
1-0: Ball
2-0: Ball
3-0: Base on Balls
Batting: RHB Seung-mun Kim 0-0: Called Strike
0-1: Swinging Strike
0-2: Strikes out swinging
Bottom of the 8th over - 0 runs, 1 hit, 0 errors, 3 left on base; Augusta 3 - West Virginia 5
TOP OF THE 9TH
Augusta GreenJackets batting - Pitching for West Virginia Power : RHP Adam Monge
Pitching: RHP Joel Olausson
Pinch Hitting: LHB Takaaki Nishimoto 0-0: Fly out, F9 (Line Drive, 9LS, EV 101.2 MPH)
Pinch Hitting: RHB Malik Sharpless 0-0: Called Strike
0-1: Ball
1-1: Called Strike
1-2: Strikes out looking
Batting: RHB Armando Ramirez 0-0: Called Strike
0-1: Foul Ball, location: 2F
0-2: Foul Ball, location: 2F
0-2: Foul Ball, location: 2F
0-2: Foul Ball, location: 2F
0-2: Fly out, F8 (Flyball, 78M, EV 78.8 MPH)
Top of the 9th over - 0 runs, 0 hits, 0 errors, 0 left on base; Augusta 3 - West Virginia 5
Tuesday, March 28th , 2023 - OOTP Baseball 23.10 Build 110